[ AOE2 MATCH · #474475643 ]
UnrankedKhmer vs Georgians
[ REPLAY ANALYSIS · EXTRACTED FROM THE RECORDED GAME ]
Feudal
11:14
Castle
13:54
Imperial
41:37
| APM avg | 51.9 |
| APM peak | 92 |
| eAPM avg | 30.9 |
| Villagers / military | 199 / 264 |
Focus
⚔️ 41.8% · 🌾 58.2%
Battle Elephant ×172 · Scout Cavalry ×73 · Scorpion ×17 · Trade Cart ×12 · Trebuchet (Packed) ×2
Feudal
10:56
Castle
14:38
Imperial
37:13
| APM avg | 57.4 |
| APM peak | 97 |
| eAPM avg | 32.2 |
| Villagers / military | 167 / 365 |
Focus
⚔️ 41.4% · 🌾 58.6%
Camel Scout ×250 · Scout Cavalry ×81 · Trade Cart ×27 · Knight ×20 · Bombard Cannon ×6 · Mameluke ×4
Feudal
7:40
Castle
26:03
Imperial
53:30
| APM avg | 27.9 |
| APM peak | 87 |
| eAPM avg | 19.7 |
| Villagers / military | 174 / 156 |
Focus
⚔️ 35.1% · 🌾 64.9%
Monaspa ×98 · Spearman ×57 · Trade Cart ×50 · Monk ×1
Feudal
11:47
Castle
15:29
Imperial
44:32
| APM avg | 58.7 |
| APM peak | 95 |
| eAPM avg | 23.7 |
| Villagers / military | 164 / 257 |
Focus
⚔️ 46.1% · 🌾 53.9%
Skirmisher ×183 · War Wagon ×56 · Bombard Cannon ×16 · Monk ×2
Feudal
9:50
Castle
17:55
Imperial
38:00
| APM avg | 57.4 |
| APM peak | 109 |
| eAPM avg | 31.0 |
| Villagers / military | 253 / 278 |
Focus
⚔️ 49.0% · 🌾 51.0%
Archer ×237 · Trade Cart ×46 · Longbowman ×31 · Monk ×7 · Trebuchet (Packed) ×3
Feudal
10:55
Castle
14:25
Imperial
36:34
| APM avg | 69.3 |
| APM peak | 152 |
| eAPM avg | 27.9 |
| Villagers / military | 168 / 403 |
Focus
⚔️ 46.1% · 🌾 53.9%
Knight ×256 · Spearman ×139 · Trade Cart ×52 · Monk ×4 · Trebuchet (Packed) ×3 · Scout Cavalry ×1
Feudal
8:45
Castle
24:50
Imperial
37:55
| APM avg | 52.0 |
| APM peak | 95 |
| eAPM avg | 25.0 |
| Villagers / military | 102 / 226 |
Focus
⚔️ 60.0% · 🌾 40.0%
Archer ×149 · Skirmisher ×67 · Trade Cart ×12 · Battering Ram ×5 · Trebuchet (Packed) ×5
Feudal
10:57
Castle
14:29
Imperial
42:21
| APM avg | 61.9 |
| APM peak | 102 |
| eAPM avg | 29.9 |
| Villagers / military | 150 / 195 |
Focus
⚔️ 29.7% · 🌾 70.3%
Spearman ×109 · Archer ×85 · Unknown (2550) ×59 · Trade Cart ×15 · Monk ×1
Match map
Initial resources + every placement click. Lines = walls · curves = elevation contours. ◆ gold · ⬟ stone · ● berries · ✦ relic · ◌ wall gap
Your base· ✓ Closed at 13:54 · 0t walls · 3 gate(s)
復健中's base· ✓ Closed at 14:38 · 0t walls · 2 gate(s)
OS | dreamerion92's base· ✓ Closed at 26:03 · 13t walls · 4 gate(s)
BeefBro's base· ✓ Closed at 15:29 · 0t walls · 2 gate(s)
ANKR.ice cream's base· ✓ Closed at 17:55 · 0t walls · 3 gate(s)
Overcome's base· ✓ Closed at 14:25 · 0t walls · 3 gate(s)
[TNT] KKKFFFFFFCC's base· ✓ Closed at 24:50 · 7t walls · 3 gate(s)
LuckAss's base· ✓ Closed at 14:29 · 0t walls · 2 gate(s)
Smoothed initial terrain · ◌ = detected wall gap · hover for details
Inputs per minute
— OnlyOuOb - - 復健中
Build order — OnlyOuOb
First 150 of 733 actions detected
| 0:03 | Create | Villager (Male) |
| 0:03 | Create | Villager (Male) |
| 0:04 | Build | House |
| 0:05 | Build | House |
| 0:09 | Create | Villager (Male) |
| 0:10 | Create | Villager (Male) |
| 1:23 | Create | Villager (Male) |
| 1:24 | Create | Villager (Male) |
| 1:25 | Build | Lumber Camp |
| 2:06 | Create | Villager (Male) |
| 2:06 | Create | Villager (Male) |
| 2:24 | Create | Villager (Male) |
| 3:13 | Create | Villager (Male) |
| 3:14 | Create | Villager (Male) |
| 3:59 | Create | Villager (Male) |
| 3:59 | Create | Villager (Male) |
| 4:04 | Create | Villager (Male) |
| 4:08 | Build | House |
| 4:26 | Create | Villager (Male) |
| 4:27 | Build | House |
| 4:48 | Create | Villager (Male) |
| 5:06 | Create | Villager (Male) |
| 5:08 | Build | House |
| 5:25 | Build | Mill |
| 5:52 | Create | Villager (Male) |
| 6:27 | Create | Villager (Male) |
| 6:36 | Create | Villager (Male) |
| 6:46 | Create | Villager (Male) |
| 7:09 | Build | Farm |
| 7:11 | Build | Farm |
| 7:14 | Create | Villager (Male) |
| 7:53 | Build | Farm |
| 7:56 | Create | Villager (Male) |
| 8:17 | Build | Mining Camp |
| 8:19 | Create | Villager (Male) |
| 8:19 | Research | Loom |
| 8:28 | Create | Villager (Male) |
| 8:35 | Research | Feudal Age |
| 11:14 | Age | Feudal Age |
| 11:14 | Research | Castle Age |
| 11:14 | Research | Castle Age |
| 11:21 | Research | Horse Collar |
| 11:24 | Build | Stable |
| 11:45 | Build | Stable |
| 11:53 | Research | Double-Bit Axe |
| 11:55 | Build | Farm |
| 12:00 | Build | Farm |
| 12:00 | Build | Farm |
| 12:03 | Build | Farm |
| 13:00 | Research | Bloodlines |
| 13:05 | Build | Blacksmith |
| 13:41 | Create | Villager (Male) |
| 13:54 | Age | Castle Age |
| 13:55 | Create | Battle Elephant |
| 14:04 | Build | House |
| 14:08 | Research | Bow Saw |
| 14:08 | Research | Bow Saw |
| 14:14 | Create | Villager (Male) |
| 14:45 | Create | Battle Elephant |
| 14:45 | Create | Battle Elephant |
| 14:50 | Build | Farm |
| 14:52 | Build | Farm |
| 14:54 | Build | Farm |
| 14:59 | Create | Villager (Male) |
| 14:59 | Create | Villager (Male) |
| 15:28 | Create | Battle Elephant |
| 15:28 | Create | Battle Elephant |
| 15:34 | Build | Farm |
| 15:35 | Build | Farm |
| 15:37 | Create | Villager (Male) |
| 15:38 | Create | Villager (Male) |
| 16:17 | Research | Husbandry |
| 16:17 | Research | Husbandry |
| 16:24 | Create | Villager (Male) |
| 16:24 | Create | Villager (Male) |
| 16:29 | Build | Farm |
| 16:29 | Create | Villager (Male) |
| 16:30 | Create | Villager (Male) |
| 16:47 | Build | Farm |
| 17:02 | Create | Battle Elephant |
| 17:02 | Create | Battle Elephant |
| 17:07 | Create | Villager (Male) |
| 17:16 | Create | Villager (Male) |
| 17:38 | Create | Battle Elephant |
| 17:39 | Create | Battle Elephant |
| 17:40 | Create | Villager (Male) |
| 17:40 | Create | Villager (Male) |
| 17:42 | Build | Farm |
| 17:42 | Build | Farm |
| 17:44 | Build | House |
| 17:45 | Build | House |
| 17:59 | Build | Farm |
| 18:00 | Create | Villager (Male) |
| 18:01 | Build | Farm |
| 18:05 | Build | Farm |
| 18:12 | Create | Villager (Male) |
| 18:31 | Create | Battle Elephant |
| 18:37 | Research | Scale Barding Armor |
| 18:55 | Create | Battle Elephant |
| 18:55 | Create | Battle Elephant |
| 19:01 | Create | Villager (Male) |
| 19:10 | Create | Villager (Male) |
| 19:16 | Build | Town Center |
| 19:32 | Create | Battle Elephant |
| 19:36 | Build | House |
| 19:44 | Create | Villager (Male) |
| 19:45 | Build | Farm |
| 19:47 | Build | Farm |
| 20:01 | Create | Villager (Male) |
| 20:13 | Create | Villager (Male) |
| 20:16 | Create | Battle Elephant |
| 20:16 | Create | Battle Elephant |
| 20:22 | Create | Battle Elephant |
| 20:34 | Create | Villager (Male) |
| 20:35 | Create | Villager (Male) |
| 20:48 | Create | Villager (Male) |
| 20:48 | Create | Villager (Male) |
| 20:53 | Build | Farm |
| 20:58 | Create | Battle Elephant |
| 20:58 | Create | Battle Elephant |
| 21:02 | Create | Villager (Male) |
| 21:03 | Build | Farm |
| 21:07 | Create | Battle Elephant |
| 21:07 | Create | Battle Elephant |
| 21:53 | Create | Battle Elephant |
| 21:53 | Create | Battle Elephant |
| 21:54 | Create | Villager (Male) |
| 21:54 | Create | Villager (Male) |
| 21:59 | Build | Farm |
| 22:23 | Create | Battle Elephant |
| 22:26 | Create | Villager (Male) |
| 22:31 | Build | Farm |
| 22:31 | Build | Farm |
| 22:31 | Build | Farm |
| 22:47 | Create | Scout Cavalry |
| 22:48 | Create | Battle Elephant |
| 22:51 | Create | Battle Elephant |
| 22:51 | Create | Villager (Male) |
| 22:53 | Build | Farm |
| 22:53 | Create | Villager (Male) |
| 22:55 | Build | House |
| 22:56 | Build | House |
| 22:56 | Build | House |
| 22:56 | Build | House |
| 23:07 | Create | Battle Elephant |
| 23:18 | Create | Villager (Male) |
| 23:22 | Build | Town Center |
| 23:24 | Research | Chain Barding Armor |
| 23:25 | Research | Chain Barding Armor |
| 23:36 | Create | Battle Elephant |
Build order — 復健中
First 150 of 831 actions detected
| 0:00 | Create | Villager (Male) |
| 0:00 | Create | Villager (Male) |
| 0:01 | Create | Villager (Male) |
| 0:02 | Build | House |
| 0:03 | Build | House |
| 0:15 | Create | Villager (Male) |
| 0:16 | Create | Villager (Male) |
| 1:31 | Create | Villager (Male) |
| 1:31 | Create | Villager (Male) |
| 1:44 | Build | Lumber Camp |
| 1:50 | Create | Villager (Male) |
| 1:50 | Create | Villager (Male) |
| 2:25 | Create | Villager (Male) |
| 2:30 | Create | Villager (Male) |
| 2:30 | Create | Villager (Male) |
| 3:05 | Create | Villager (Male) |
| 3:35 | Build | House |
| 3:36 | Build | House |
| 3:37 | Build | House |
| 3:39 | Create | Villager (Male) |
| 3:39 | Create | Villager (Male) |
| 4:02 | Create | Villager (Male) |
| 4:02 | Create | Villager (Male) |
| 4:39 | Create | Villager (Male) |
| 4:39 | Create | Villager (Male) |
| 4:40 | Build | Mill |
| 5:08 | Create | Villager (Male) |
| 5:08 | Create | Villager (Male) |
| 5:08 | Create | Villager (Male) |
| 5:38 | Build | Farm |
| 5:58 | Create | Villager (Male) |
| 5:59 | Create | Villager (Male) |
| 6:06 | Build | Farm |
| 6:17 | Create | Villager (Male) |
| 6:17 | Create | Villager (Male) |
| 6:35 | Build | Farm |
| 6:52 | Create | Villager (Male) |
| 6:52 | Create | Villager (Male) |
| 7:35 | Build | Farm |
| 7:57 | Create | Villager (Male) |
| 8:32 | Build | Mining Camp |
| 8:36 | Research | Feudal Age |
| 9:24 | Build | Barracks |
| 10:10 | Create | Villager (Male) |
| 10:56 | Age | Feudal Age |
| 10:59 | Build | Stable |
| 11:03 | Build | Market |
| 11:17 | Create | Villager (Male) |
| 11:58 | Research | Castle Age |
| 11:59 | Research | Castle Age |
| 12:09 | Research | Horse Collar |
| 12:12 | Build | Farm |
| 12:14 | Build | Farm |
| 12:16 | Build | Farm |
| 12:40 | Research | Gold Mining |
| 12:42 | Build | Farm |
| 12:48 | Build | Farm |
| 13:01 | Build | House |
| 13:20 | Build | Farm |
| 13:36 | Build | Farm |
| 13:42 | Research | Bloodlines |
| 14:02 | Research | Double-Bit Axe |
| 14:02 | Research | Double-Bit Axe |
| 14:29 | Create | Villager (Male) |
| 14:38 | Age | Castle Age |
| 14:49 | Research | Husbandry |
| 14:50 | Create | Knight |
| 14:56 | Create | Villager (Male) |
| 15:03 | Research | Bow Saw |
| 15:19 | Create | Knight |
| 15:19 | Create | Villager (Male) |
| 15:32 | Build | Farm |
| 15:38 | Create | Knight |
| 15:40 | Create | Villager (Male) |
| 16:00 | Create | Villager (Male) |
| 16:05 | Build | House |
| 16:06 | Build | House |
| 16:07 | Build | House |
| 16:11 | Create | Knight |
| 16:16 | Build | Blacksmith |
| 16:30 | Create | Knight |
| 16:39 | Create | Villager (Male) |
| 17:06 | Create | Knight |
| 17:07 | Create | Villager (Male) |
| 17:15 | Create | Knight |
| 17:24 | Research | Scale Barding Armor |
| 17:24 | Research | Scale Barding Armor |
| 17:31 | Create | Camel Scout |
| 17:32 | Create | Villager (Male) |
| 17:48 | Build | Farm |
| 17:49 | Build | Farm |
| 17:50 | Build | Farm |
| 17:51 | Build | Farm |
| 17:54 | Build | House |
| 17:56 | Build | House |
| 17:57 | Build | House |
| 17:57 | Build | House |
| 17:57 | Build | House |
| 17:58 | Create | Villager (Male) |
| 17:59 | Build | Farm |
| 17:59 | Build | Farm |
| 17:59 | Build | Farm |
| 18:07 | Create | Camel Scout |
| 18:18 | Create | Camel Scout |
| 18:18 | Create | Villager (Male) |
| 18:29 | Build | Farm |
| 18:33 | Create | Villager (Male) |
| 18:49 | Create | Villager (Male) |
| 18:59 | Research | Wheelbarrow |
| 18:59 | Research | Wheelbarrow |
| 19:20 | Create | Camel Scout |
| 19:23 | Build | House |
| 19:24 | Build | House |
| 19:26 | Build | House |
| 19:34 | Create | Camel Scout |
| 19:52 | Create | Villager (Male) |
| 20:02 | Research | Forging |
| 20:10 | Create | Camel Scout |
| 20:14 | Create | Villager (Male) |
| 20:35 | Build | Town Center |
| 20:45 | Create | Camel Scout |
| 20:52 | Build | Farm |
| 20:56 | Create | Villager (Male) |
| 21:04 | Create | Knight |
| 21:19 | Build | Farm |
| 21:21 | Create | Villager (Male) |
| 21:35 | Create | Villager (Male) |
| 21:41 | Create | Camel Scout |
| 22:08 | Create | Camel Scout |
| 22:11 | Create | Villager (Male) |
| 22:11 | Create | Villager (Male) |
| 22:15 | Create | Camel Scout |
| 22:30 | Research | Chain Barding Armor |
| 22:30 | Research | Chain Barding Armor |
| 22:34 | Create | Villager (Male) |
| 22:35 | Create | Villager (Male) |
| 22:43 | Create | Camel Scout |
| 22:48 | Create | Camel Scout |
| 22:55 | Create | Villager (Male) |
| 22:58 | Build | Lumber Camp |
| 23:08 | Create | Villager (Male) |
| 23:19 | Create | Villager (Male) |
| 23:36 | Create | Villager (Male) |
| 23:38 | Create | Camel Scout |
| 23:52 | Create | Villager (Male) |
| 23:52 | Create | Villager (Male) |
| 23:54 | Create | Camel Scout |
| 24:03 | Create | Villager (Male) |
| 24:12 | Build | Town Center |
| 24:20 | Create | Camel Scout |
Build order — OS | dreamerion92
First 150 of 559 actions detected
| 0:02 | Create | Villager (Male) |
| 0:03 | Build | House |
| 0:06 | Build | House |
| 0:30 | Create | Villager (Male) |
| 0:30 | Create | Villager (Male) |
| 0:31 | Create | Villager (Male) |
| 0:31 | Create | Villager (Male) |
| 1:34 | Create | Villager (Male) |
| 1:58 | Create | Villager (Male) |
| 2:13 | Create | Villager (Male) |
| 2:32 | Create | Villager (Male) |
| 3:04 | Create | Villager (Male) |
| 3:08 | Build | House |
| 3:18 | Create | Villager (Male) |
| 3:22 | Create | Villager (Male) |
| 3:39 | Build | Mill |
| 4:34 | Create | Villager (Male) |
| 4:50 | Research | Loom |
| 5:30 | Research | Feudal Age |
| 6:14 | Create | Villager (Male) |
| 6:58 | Build | House |
| 7:00 | Create | Villager (Male) |
| 7:08 | Build | Mule Cart |
| 7:40 | Age | Feudal Age |
| 7:42 | Create | Villager (Male) |
| 7:48 | Research | Double-Bit Axe |
| 7:59 | Build | Watch Tower |
| 8:58 | Create | Villager (Male) |
| 9:09 | Build | Blacksmith |
| 9:43 | Create | Villager (Male) |
| 9:59 | Build | Watch Tower |
| 10:04 | Research | Fletching |
| 10:14 | Create | Villager (Male) |
| 10:27 | Build | House |
| 10:52 | Create | Villager (Male) |
| 11:14 | Create | Villager (Male) |
| 11:17 | Build | House |
| 11:19 | Build | Palisade Wall |
| 11:22 | Create | Villager (Male) |
| 11:46 | Build | Farm |
| 12:04 | Create | Villager (Male) |
| 12:18 | Build | Farm |
| 12:19 | Create | Villager (Male) |
| 12:31 | Build | House |
| 12:32 | Create | Villager (Male) |
| 12:57 | Create | Villager (Male) |
| 13:17 | Create | Villager (Male) |
| 13:22 | Research | Horse Collar |
| 13:23 | Research | Horse Collar |
| 13:35 | Create | Villager (Male) |
| 13:48 | Build | Farm |
| 13:54 | Create | Villager (Male) |
| 14:14 | Create | Villager (Male) |
| 14:19 | Build | Farm |
| 14:20 | Create | Villager (Male) |
| 14:49 | Build | Watch Tower |
| 15:00 | Build | Farm |
| 15:08 | Create | Villager (Male) |
| 15:12 | Build | Farm |
| 15:28 | Create | Villager (Male) |
| 15:33 | Build | Watch Tower |
| 15:36 | Build | House |
| 15:39 | Build | House |
| 15:42 | Build | Stone Wall |
| 15:46 | Create | Villager (Male) |
| 15:52 | Build | Stone Wall |
| 16:24 | Create | Villager (Male) |
| 16:30 | Create | Villager (Male) |
| 16:44 | Build | Market |
| 16:45 | Create | Villager (Male) |
| 16:52 | Create | Villager (Male) |
| 17:00 | Create | Villager (Male) |
| 17:04 | Create | Villager (Male) |
| 17:20 | Create | Villager (Male) |
| 18:00 | Build | House |
| 18:22 | Build | Mule Cart |
| 18:32 | Create | Villager (Male) |
| 18:38 | Build | House |
| 18:40 | Build | Stone Wall |
| 18:45 | Build | Farm |
| 18:47 | Build | Farm |
| 18:50 | Build | Farm |
| 19:09 | Create | Villager (Male) |
| 19:15 | Build | Farm |
| 19:17 | Build | Farm |
| 19:50 | Create | Villager (Male) |
| 19:57 | Build | Stone Wall |
| 20:07 | Build | House |
| 20:09 | Build | House |
| 20:11 | Build | House |
| 20:20 | Build | House |
| 20:28 | Build | Farm |
| 20:30 | Build | Farm |
| 20:31 | Create | Villager (Male) |
| 20:37 | Create | Villager (Male) |
| 20:53 | Build | Gate |
| 20:54 | Create | Villager (Male) |
| 21:04 | Build | Mule Cart |
| 21:10 | Research | Wheelbarrow |
| 21:12 | Create | Villager (Male) |
| 21:16 | Build | Farm |
| 21:24 | Build | Farm |
| 21:46 | Create | Villager (Male) |
| 21:49 | Build | Farm |
| 22:00 | Build | House |
| 22:01 | Build | House |
| 22:03 | Build | House |
| 22:10 | Build | Farm |
| 22:23 | Build | Farm |
| 23:18 | Research | Castle Age |
| 23:51 | Build | House |
| 23:53 | Build | House |
| 24:00 | Create | Villager (Male) |
| 24:34 | Build | Stone Wall |
| 24:59 | Build | Gate |
| 25:02 | Build | Gate |
| 25:04 | Build | House |
| 25:37 | Research | Gold Mining |
| 26:03 | Build | House |
| 26:03 | Age | Castle Age |
| 26:04 | Build | House |
| 26:07 | Build | Castle |
| 26:10 | Build | Stone Wall |
| 26:14 | Build | Stone Wall |
| 26:15 | Create | Villager (Male) |
| 26:17 | Create | Villager (Male) |
| 26:22 | Research | Bow Saw |
| 26:27 | Build | Monastery |
| 26:29 | Create | Villager (Male) |
| 26:33 | Create | Villager (Male) |
| 26:35 | Research | Heavy Plow |
| 26:37 | Create | Villager (Male) |
| 26:52 | Create | Villager (Male) |
| 26:57 | Build | Farm |
| 26:59 | Create | Monaspa |
| 26:59 | Create | Monaspa |
| 27:02 | Build | Farm |
| 27:20 | Create | Monaspa |
| 27:20 | Create | Monaspa |
| 27:22 | Create | Villager (Male) |
| 27:26 | Create | Villager (Male) |
| 27:27 | Create | Villager (Male) |
| 27:29 | Create | Villager (Male) |
| 27:50 | Build | Farm |
| 27:56 | Research | Scale Barding Armor |
| 27:57 | Create | Monaspa |
| 27:58 | Create | Monaspa |
| 27:58 | Create | Monaspa |
| 28:09 | Create | Villager (Male) |
| 28:16 | Create | Villager (Male) |
Build order — BeefBro
First 150 of 479 actions detected
| 0:02 | Create | Villager (Male) ×4 |
| 0:02 | Create | Villager (Male) ×4 |
| 0:03 | Build | House |
| 0:04 | Build | House |
| 1:34 | Create | Villager (Male) |
| 1:35 | Create | Villager (Male) |
| 1:59 | Build | Lumber Camp |
| 2:06 | Create | Villager (Male) |
| 2:06 | Create | Villager (Male) |
| 2:24 | Create | Villager (Male) |
| 2:24 | Create | Villager (Male) |
| 2:48 | Create | Villager (Male) |
| 2:49 | Create | Villager (Male) |
| 3:12 | Create | Villager (Male) |
| 3:13 | Create | Villager (Male) |
| 3:30 | Build | House |
| 3:32 | Build | House |
| 3:35 | Create | Villager (Male) |
| 3:35 | Create | Villager (Male) |
| 3:35 | Create | Villager (Male) |
| 3:54 | Create | Villager (Male) |
| 3:54 | Create | Villager (Male) |
| 4:27 | Create | Villager (Male) |
| 4:27 | Create | Villager (Male) |
| 4:53 | Create | Villager (Male) |
| 4:53 | Create | Villager (Male) |
| 4:53 | Create | Villager (Male) |
| 4:54 | Create | Villager (Male) |
| 5:16 | Build | Mill |
| 5:23 | Create | Villager (Male) |
| 5:23 | Create | Villager (Male) |
| 5:23 | Create | Villager (Male) |
| 6:08 | Create | Villager (Male) |
| 6:08 | Create | Villager (Male) |
| 6:26 | Create | Villager (Male) |
| 6:26 | Create | Villager (Male) |
| 6:26 | Create | Villager (Male) |
| 6:26 | Create | Villager (Male) |
| 6:56 | Create | Villager (Male) |
| 6:57 | Create | Villager (Male) |
| 6:57 | Create | Villager (Male) |
| 7:11 | Build | Farm |
| 8:10 | Create | Villager (Male) |
| 8:13 | Build | House |
| 8:23 | Build | House |
| 8:31 | Build | Mining Camp |
| 8:40 | Create | Villager (Male) |
| 8:52 | Research | Loom |
| 8:52 | Research | Loom |
| 9:13 | Build | House |
| 9:19 | Build | House |
| 9:21 | Research | Feudal Age |
| 9:21 | Research | Feudal Age |
| 9:55 | Build | Mining Camp |
| 11:47 | Age | Feudal Age |
| 11:51 | Build | Market |
| 11:53 | Build | Blacksmith |
| 11:55 | Research | Town Watch |
| 11:55 | Research | Town Watch |
| 11:57 | Create | Villager (Male) |
| 12:24 | Create | Villager (Male) |
| 12:43 | Research | Castle Age |
| 12:43 | Research | Castle Age |
| 12:43 | Research | Castle Age |
| 12:51 | Build | Farm |
| 12:54 | Build | Farm |
| 15:01 | Research | Double-Bit Axe |
| 15:01 | Research | Double-Bit Axe |
| 15:02 | Research | Double-Bit Axe |
| 15:29 | Age | Castle Age |
| 15:31 | Build | Castle |
| 15:37 | Research | Town Watch |
| 15:38 | Research | Town Watch |
| 15:46 | Research | Horse Collar |
| 15:46 | Research | Horse Collar |
| 15:46 | Research | Fletching |
| 15:47 | Research | Fletching |
| 15:47 | Research | Fletching |
| 15:48 | Create | Villager (Male) |
| 16:20 | Build | Farm |
| 16:21 | Build | Farm |
| 16:23 | Build | Farm |
| 16:26 | Create | Villager (Male) |
| 16:31 | Create | War Wagon |
| 16:34 | Build | Lumber Camp |
| 16:46 | Create | War Wagon |
| 16:51 | Create | Villager (Male) |
| 17:19 | Create | War Wagon |
| 17:20 | Create | Villager (Male) |
| 17:22 | Build | Farm |
| 17:32 | Create | War Wagon |
| 17:33 | Create | War Wagon |
| 17:56 | Create | War Wagon |
| 17:57 | Create | Villager (Male) |
| 18:06 | Create | War Wagon |
| 18:58 | Research | Bodkin Arrow |
| 18:59 | Research | Bodkin Arrow |
| 18:59 | Create | War Wagon |
| 18:59 | Create | War Wagon |
| 19:27 | Create | War Wagon |
| 19:28 | Create | Villager (Male) |
| 19:50 | Create | War Wagon |
| 20:00 | Create | Villager (Male) |
| 20:14 | Create | War Wagon |
| 20:34 | Create | Villager (Male) |
| 20:34 | Create | War Wagon |
| 20:36 | Create | Villager (Male) |
| 20:58 | Build | Lumber Camp |
| 21:03 | Create | War Wagon |
| 21:11 | Create | War Wagon |
| 21:16 | Build | Town Center |
| 21:32 | Create | Villager (Male) |
| 21:57 | Create | Villager (Male) |
| 22:11 | Create | Villager (Male) |
| 22:12 | Create | Villager (Male) |
| 22:40 | Create | War Wagon |
| 22:45 | Create | War Wagon |
| 22:48 | Create | Villager (Male) |
| 22:48 | Create | Villager (Male) |
| 23:02 | Build | House |
| 23:10 | Build | House |
| 23:38 | Create | Villager (Male) |
| 23:38 | Create | Villager (Male) |
| 23:46 | Create | War Wagon |
| 23:46 | Create | War Wagon |
| 23:50 | Create | War Wagon |
| 24:22 | Create | War Wagon |
| 24:27 | Create | Villager (Male) |
| 24:49 | Create | War Wagon |
| 24:50 | Create | War Wagon |
| 25:05 | Create | Villager (Male) |
| 25:34 | Create | War Wagon |
| 25:47 | Build | University |
| 25:53 | Build | Farm |
| 26:24 | Create | War Wagon |
| 27:07 | Create | War Wagon |
| 27:11 | Build | House |
| 27:34 | Create | War Wagon |
| 27:40 | Research | Ballistics |
| 27:40 | Research | Ballistics |
| 27:40 | Research | Ballistics |
| 27:51 | Create | Villager (Male) |
| 27:51 | Create | Villager (Male) |
| 27:52 | Create | War Wagon |
| 28:12 | Create | War Wagon |
| 28:13 | Create | Villager (Male) |
| 28:13 | Create | Villager (Male) |
| 28:53 | Create | Villager (Male) |
| 28:54 | Create | Villager (Male) |
| 29:39 | Create | War Wagon |
Build order — ANKR.ice cream
First 150 of 810 actions detected
| 0:02 | Create | Villager (Male) |
| 0:02 | Create | Villager (Male) |
| 0:03 | Build | House |
| 0:05 | Build | House |
| 0:09 | Create | Villager (Male) |
| 0:16 | Create | Villager (Male) |
| 0:16 | Create | Villager (Male) |
| 1:28 | Create | Villager (Male) |
| 1:28 | Create | Villager (Male) |
| 1:51 | Build | Lumber Camp |
| 2:02 | Create | Villager (Male) |
| 2:03 | Create | Villager (Male) |
| 3:01 | Create | Villager (Male) |
| 3:01 | Create | Villager (Male) |
| 3:23 | Create | Villager (Male) |
| 3:23 | Create | Villager (Male) |
| 3:25 | Create | Villager (Male) |
| 3:43 | Create | Villager (Male) |
| 3:43 | Create | Villager (Male) |
| 3:54 | Build | House |
| 3:55 | Build | House |
| 4:19 | Create | Villager (Male) |
| 4:19 | Create | Villager (Male) |
| 4:48 | Create | Villager (Male) |
| 5:11 | Build | Mining Camp |
| 5:57 | Create | Villager (Male) |
| 5:59 | Create | Villager (Male) |
| 6:22 | Create | Villager (Male) |
| 6:51 | Create | Villager (Male) |
| 6:52 | Create | Villager (Male) |
| 7:15 | Research | Loom |
| 7:33 | Research | Feudal Age |
| 7:33 | Research | Feudal Age |
| 8:07 | Build | Barracks |
| 9:04 | Create | Villager (Male) |
| 9:16 | Build | House |
| 9:23 | Create | Villager (Male) |
| 9:50 | Age | Feudal Age |
| 9:53 | Build | Archery Range |
| 9:56 | Research | Double-Bit Axe |
| 9:59 | Create | Villager (Male) |
| 9:59 | Create | Villager (Male) |
| 10:08 | Build | Mill |
| 10:13 | Create | Villager (Male) |
| 10:29 | Create | Villager (Male) |
| 10:46 | Create | Archer |
| 10:46 | Create | Archer |
| 10:52 | Build | Farm |
| 10:54 | Build | Farm |
| 10:57 | Create | Villager (Male) |
| 11:08 | Create | Archer |
| 11:14 | Build | Farm |
| 11:17 | Build | Farm |
| 11:18 | Create | Villager (Male) |
| 11:35 | Create | Archer |
| 11:37 | Create | Villager (Male) |
| 11:41 | Build | Farm |
| 11:45 | Build | Farm |
| 11:48 | Build | Farm |
| 12:03 | Create | Archer |
| 12:04 | Create | Villager (Male) |
| 12:11 | Build | Farm |
| 12:17 | Build | House |
| 12:19 | Build | House |
| 12:40 | Create | Archer |
| 12:55 | Create | Archer |
| 13:09 | Build | Blacksmith |
| 13:23 | Create | Villager (Male) |
| 13:25 | Build | Farm |
| 13:50 | Build | Farm |
| 14:00 | Create | Archer |
| 14:30 | Build | Archery Range |
| 14:38 | Create | Archer |
| 15:15 | Research | Castle Age |
| 15:15 | Research | Castle Age |
| 15:29 | Create | Archer |
| 15:30 | Create | Archer |
| 15:30 | Create | Archer |
| 15:33 | Research | Gold Mining |
| 15:34 | Research | Gold Mining |
| 15:40 | Create | Archer |
| 15:40 | Create | Archer |
| 16:06 | Research | Fletching |
| 16:06 | Research | Fletching |
| 16:08 | Create | Archer |
| 16:08 | Create | Archer |
| 16:20 | Build | House |
| 16:32 | Create | Archer |
| 16:33 | Create | Archer |
| 16:42 | Create | Archer |
| 16:42 | Create | Archer |
| 16:46 | Create | Archer |
| 16:46 | Create | Archer |
| 17:02 | Create | Archer |
| 17:18 | Create | Archer |
| 17:19 | Create | Archer |
| 17:36 | Create | Archer |
| 17:36 | Create | Archer |
| 17:37 | Create | Archer |
| 17:39 | Build | House |
| 17:55 | Age | Castle Age |
| 17:57 | Research | Bodkin Arrow |
| 18:01 | Research | Crossbowman (upgrade) |
| 18:07 | Create | Villager (Male) |
| 18:10 | Create | Archer |
| 18:11 | Create | Archer |
| 18:21 | Build | Monastery |
| 18:30 | Create | Archer |
| 18:30 | Create | Archer |
| 18:34 | Create | Villager (Male) |
| 18:50 | Create | Archer |
| 18:50 | Create | Archer |
| 18:57 | Create | Villager (Male) |
| 19:10 | Create | Monk |
| 19:10 | Create | Monk |
| 19:21 | Create | Villager (Male) |
| 19:21 | Create | Villager (Male) |
| 19:28 | Create | Archer |
| 19:28 | Create | Archer |
| 19:30 | Build | University |
| 19:36 | Create | Villager (Male) |
| 19:37 | Create | Villager (Male) |
| 19:37 | Create | Archer |
| 19:37 | Create | Archer |
| 19:38 | Create | Archer |
| 20:02 | Create | Archer |
| 20:02 | Create | Archer |
| 20:15 | Create | Archer |
| 20:15 | Create | Archer |
| 20:21 | Build | House |
| 20:21 | Build | House |
| 20:27 | Create | Villager (Male) |
| 20:29 | Build | Farm |
| 20:30 | Build | Farm |
| 20:47 | Create | Archer |
| 20:47 | Create | Archer |
| 20:59 | Create | Villager (Male) |
| 21:04 | Create | Monk |
| 21:06 | Build | House |
| 21:26 | Create | Archer |
| 21:27 | Create | Archer |
| 21:27 | Create | Archer |
| 21:29 | Create | Villager (Male) |
| 21:29 | Create | Villager (Male) |
| 22:11 | Research | Ballistics |
| 22:11 | Research | Ballistics |
| 22:15 | Create | Archer |
| 22:15 | Create | Archer |
| 22:20 | Create | Archer |
| 22:21 | Create | Archer |
Build order — Overcome
First 150 of 844 actions detected
| 0:00 | Create | Villager (Male) |
| 0:01 | Create | Villager (Male) |
| 0:09 | Create | Villager (Male) |
| 0:09 | Create | Villager (Male) |
| 0:09 | Create | Villager (Male) |
| 1:21 | Create | Villager (Male) |
| 1:22 | Create | Villager (Male) |
| 1:22 | Create | Villager (Male) |
| 1:49 | Create | Villager (Male) |
| 1:49 | Create | Villager (Male) |
| 2:11 | Build | Lumber Camp |
| 2:22 | Create | Villager (Male) |
| 2:22 | Create | Villager (Male) |
| 2:45 | Create | Villager (Male) |
| 3:07 | Create | Villager (Male) |
| 3:30 | Create | Villager (Male) |
| 3:39 | Create | Villager (Male) |
| 4:05 | Create | Villager (Male) |
| 4:39 | Create | Villager (Male) |
| 5:05 | Build | Mill |
| 5:10 | Create | Villager (Male) |
| 5:20 | Create | Villager (Male) |
| 5:39 | Create | Villager (Male) |
| 6:16 | Create | Villager (Male) |
| 6:26 | Create | Villager (Male) |
| 6:56 | Create | Villager (Male) |
| 7:17 | Build | Mining Camp |
| 7:50 | Create | Villager (Male) |
| 8:00 | Build | Barracks |
| 8:17 | Create | Villager (Male) |
| 8:41 | Research | Feudal Age |
| 10:15 | Build | Farm |
| 10:24 | Create | Villager (Male) |
| 10:55 | Age | Feudal Age |
| 10:56 | Build | Stable |
| 10:58 | Build | Blacksmith |
| 11:12 | Create | Villager (Male) |
| 11:34 | Build | Farm |
| 11:34 | Build | Farm |
| 11:35 | Build | Farm |
| 11:41 | Research | Castle Age |
| 11:41 | Research | Castle Age |
| 11:51 | Create | Spearman |
| 11:58 | Build | Farm |
| 12:05 | Build | Farm |
| 12:08 | Create | Scout Cavalry |
| 12:24 | Build | Farm |
| 12:50 | Research | Double-Bit Axe |
| 12:50 | Research | Double-Bit Axe |
| 13:05 | Build | Farm |
| 13:19 | Research | Bloodlines |
| 13:19 | Research | Bloodlines |
| 13:23 | Build | Farm |
| 13:36 | Build | Farm |
| 13:57 | Create | Villager (Male) |
| 13:59 | Build | Farm |
| 14:20 | Build | Farm |
| 14:25 | Age | Castle Age |
| 14:27 | Create | Knight |
| 14:28 | Create | Villager (Male) |
| 14:47 | Build | Farm |
| 14:51 | Create | Knight |
| 15:08 | Create | Villager (Male) |
| 15:10 | Create | Knight |
| 15:29 | Create | Villager (Male) |
| 15:54 | Create | Villager (Male) |
| 15:59 | Build | Town Center |
| 16:04 | Create | Knight |
| 16:06 | Create | Villager (Male) |
| 16:22 | Create | Villager (Male) |
| 16:35 | Research | Bow Saw |
| 16:35 | Research | Bow Saw |
| 16:51 | Create | Villager (Male) |
| 16:59 | Create | Villager (Male) |
| 17:17 | Create | Villager (Male) |
| 17:21 | Build | Farm |
| 17:22 | Build | Farm |
| 17:36 | Create | Villager (Male) |
| 17:43 | Build | Monastery |
| 17:47 | Build | Farm |
| 17:48 | Create | Villager (Male) |
| 17:54 | Create | Villager (Male) |
| 17:54 | Create | Villager (Male) |
| 17:54 | Create | Villager (Male) |
| 17:57 | Build | Farm |
| 18:14 | Create | Villager (Male) |
| 18:25 | Create | Villager (Male) |
| 18:27 | Research | Horse Collar |
| 18:27 | Research | Horse Collar |
| 18:45 | Create | Villager (Male) |
| 18:50 | Create | Villager (Male) |
| 18:51 | Create | Villager (Male) |
| 18:51 | Create | Villager (Male) |
| 18:53 | Build | Town Center |
| 18:59 | Create | Monk |
| 19:04 | Create | Knight |
| 19:09 | Build | Farm |
| 19:16 | Create | Villager (Male) |
| 19:24 | Create | Villager (Male) |
| 19:25 | Create | Villager (Male) |
| 19:33 | Create | Knight |
| 19:39 | Build | Farm |
| 19:41 | Build | Farm |
| 19:45 | Build | Farm |
| 19:47 | Create | Villager (Male) |
| 20:10 | Research | Scale Barding Armor |
| 20:10 | Research | Scale Barding Armor |
| 20:10 | Research | Scale Barding Armor |
| 20:21 | Create | Villager (Male) |
| 20:27 | Build | Farm |
| 20:30 | Create | Villager (Male) |
| 20:34 | Create | Knight |
| 20:47 | Build | Farm |
| 20:48 | Build | Farm |
| 20:51 | Create | Knight |
| 20:54 | Build | Stable |
| 21:00 | Create | Villager (Male) |
| 21:05 | Create | Villager (Male) |
| 21:16 | Create | Villager (Male) |
| 21:26 | Create | Monk |
| 21:27 | Create | Villager (Male) |
| 21:28 | Create | Villager (Male) |
| 21:33 | Build | Farm |
| 21:33 | Build | Farm |
| 21:33 | Build | Farm |
| 21:35 | Build | Farm |
| 21:41 | Build | Farm |
| 21:42 | Build | Farm |
| 21:45 | Create | Villager (Male) |
| 22:00 | Research | Wheelbarrow |
| 22:00 | Research | Wheelbarrow |
| 22:00 | Research | Loom |
| 22:06 | Create | Knight |
| 22:07 | Create | Knight |
| 22:15 | Create | Villager (Male) |
| 22:33 | Create | Villager (Male) |
| 22:36 | Create | Villager (Male) |
| 22:40 | Create | Villager (Male) |
| 22:48 | Create | Knight |
| 22:49 | Create | Villager (Male) |
| 22:52 | Build | Farm |
| 22:53 | Build | Farm |
| 22:53 | Build | Farm |
| 22:53 | Build | Farm |
| 22:55 | Build | Lumber Camp |
| 23:01 | Create | Villager (Male) |
| 23:09 | Create | Villager (Male) |
| 23:14 | Create | Knight |
| 23:14 | Create | Knight |
| 23:15 | Create | Knight |
Build order — [TNT] KKKFFFFFFCC
First 150 of 392 actions detected
| 0:05 | Create | Villager (Male) |
| 0:05 | Create | Villager (Male) |
| 0:05 | Create | Villager (Male) |
| 0:06 | Build | House |
| 0:07 | Build | House |
| 0:09 | Create | Villager (Male) |
| 0:10 | Create | Villager (Male) |
| 1:29 | Create | Villager (Male) |
| 1:29 | Create | Villager (Male) |
| 1:50 | Create | Villager (Male) |
| 1:50 | Create | Villager (Male) |
| 1:52 | Build | Lumber Camp |
| 2:30 | Create | Villager (Male) |
| 2:53 | Create | Villager (Male) |
| 3:20 | Create | Villager (Male) |
| 3:20 | Create | Villager (Male) |
| 3:21 | Create | Villager (Male) |
| 3:21 | Create | Villager (Male) |
| 3:39 | Build | House |
| 4:00 | Create | Villager (Male) |
| 4:00 | Create | Villager (Male) |
| 4:52 | Create | Villager (Male) |
| 4:52 | Create | Villager (Male) |
| 5:13 | Build | Mining Camp |
| 5:47 | Create | Villager (Male) |
| 5:48 | Create | Villager (Male) |
| 6:21 | Research | Loom |
| 6:35 | Research | Feudal Age |
| 6:35 | Research | Feudal Age |
| 7:19 | Build | House |
| 7:48 | Build | Barracks |
| 8:01 | Create | Villager (Male) |
| 8:45 | Age | Feudal Age |
| 8:48 | Build | Archery Range |
| 8:52 | Create | Villager (Male) |
| 9:03 | Build | Watch Tower |
| 9:13 | Build | Blacksmith |
| 9:16 | Create | Villager (Male) |
| 9:36 | Build | Palisade Wall |
| 9:44 | Create | Archer |
| 9:50 | Create | Archer |
| 9:51 | Create | Villager (Male) |
| 9:59 | Build | House |
| 10:16 | Research | Fletching |
| 10:28 | Create | Archer |
| 10:41 | Create | Villager (Male) |
| 10:59 | Create | Archer |
| 11:04 | Build | House |
| 11:05 | Create | Archer |
| 11:06 | Create | Villager (Male) |
| 11:12 | Build | Mining Camp |
| 11:17 | Build | House |
| 11:18 | Create | Archer |
| 11:18 | Create | Archer |
| 11:36 | Create | Villager (Male) |
| 11:53 | Build | Archery Range |
| 12:00 | Create | Archer |
| 12:25 | Research | Loom |
| 12:25 | Research | Loom |
| 12:30 | Create | Archer |
| 13:00 | Create | Archer |
| 13:12 | Build | House |
| 13:13 | Create | Archer |
| 13:13 | Create | Archer |
| 13:21 | Build | Palisade Wall |
| 13:22 | Build | Palisade Wall |
| 13:28 | Create | Archer |
| 13:42 | Build | House |
| 13:48 | Create | Archer |
| 14:00 | Create | Villager (Male) |
| 14:02 | Build | Mill |
| 14:15 | Build | House |
| 14:17 | Build | House |
| 14:18 | Build | Palisade Wall |
| 14:22 | Build | Watch Tower |
| 14:51 | Build | House |
| 14:52 | Build | Palisade Wall |
| 15:24 | Create | Archer |
| 15:25 | Create | Archer |
| 15:25 | Create | Archer |
| 15:36 | Create | Villager (Male) |
| 15:36 | Create | Villager (Male) |
| 16:00 | Create | Archer |
| 16:00 | Create | Archer |
| 16:16 | Create | Villager (Male) |
| 16:16 | Create | Villager (Male) |
| 16:18 | Create | Archer |
| 16:18 | Create | Archer |
| 16:27 | Create | Archer |
| 16:27 | Create | Archer |
| 16:44 | Create | Villager (Male) |
| 16:46 | Create | Archer |
| 16:46 | Create | Archer |
| 17:06 | Create | Villager (Male) |
| 17:08 | Create | Archer |
| 17:08 | Create | Archer |
| 17:25 | Build | Farm |
| 17:32 | Create | Villager (Male) |
| 17:34 | Create | Archer |
| 17:56 | Create | Villager (Male) |
| 18:22 | Create | Villager (Male) |
| 18:48 | Create | Villager (Male) |
| 18:49 | Build | Farm |
| 18:56 | Create | Villager (Male) |
| 18:57 | Build | Farm |
| 19:15 | Build | Farm |
| 19:16 | Build | Farm |
| 19:19 | Create | Villager (Male) |
| 19:50 | Create | Villager (Male) |
| 20:15 | Create | Villager (Male) |
| 20:28 | Build | Farm |
| 20:29 | Build | Farm |
| 20:37 | Create | Villager (Male) |
| 20:39 | Build | Farm |
| 21:04 | Create | Villager (Male) |
| 21:18 | Build | Market |
| 21:22 | Create | Villager (Male) |
| 21:48 | Build | House |
| 21:54 | Build | House |
| 22:07 | Research | Castle Age |
| 22:08 | Research | Castle Age |
| 22:34 | Create | Archer |
| 22:34 | Create | Archer |
| 22:38 | Create | Archer |
| 22:38 | Create | Archer |
| 22:42 | Research | Padded Archer Armor |
| 22:50 | Create | Trade Cart |
| 22:53 | Build | House |
| 23:12 | Research | Double-Bit Axe |
| 23:17 | Build | House |
| 23:49 | Create | Archer |
| 23:49 | Create | Archer |
| 23:49 | Create | Archer |
| 23:53 | Create | Villager (Male) |
| 24:01 | Research | Gold Mining |
| 24:04 | Build | Lumber Camp |
| 24:10 | Build | House |
| 24:10 | Create | Archer |
| 24:11 | Create | Archer |
| 24:29 | Create | Archer |
| 24:29 | Create | Archer |
| 24:50 | Age | Castle Age |
| 24:52 | Research | Bodkin Arrow |
| 24:59 | Build | Farm |
| 24:59 | Build | Farm |
| 25:00 | Build | Farm |
| 25:01 | Build | Farm |
| 25:05 | Build | University |
| 25:14 | Create | Villager (Male) |
| 25:29 | Create | Villager (Male) |
Build order — LuckAss
First 150 of 651 actions detected
| 0:02 | Create | Villager (Male) |
| 0:02 | Create | Villager (Male) |
| 0:03 | Build | House |
| 0:04 | Build | House |
| 0:08 | Create | Villager (Male) |
| 0:08 | Create | Villager (Male) |
| 0:09 | Create | Villager (Male) |
| 1:25 | Create | Villager (Male) |
| 1:47 | Build | Settlement |
| 1:59 | Create | Villager (Male) |
| 1:59 | Create | Villager (Male) |
| 2:20 | Create | Villager (Male) |
| 2:20 | Create | Villager (Male) |
| 2:20 | Create | Villager (Male) |
| 2:20 | Create | Villager (Male) |
| 2:20 | Create | Villager (Male) |
| 2:44 | Create | Villager (Male) |
| 2:44 | Create | Villager (Male) |
| 3:17 | Create | Villager (Male) |
| 3:17 | Create | Villager (Male) |
| 3:40 | Create | Villager (Male) |
| 3:40 | Create | Villager (Male) |
| 3:59 | Create | Villager (Male) |
| 4:05 | Create | Villager (Male) |
| 4:05 | Create | Villager (Male) |
| 4:53 | Create | Villager (Male) |
| 4:53 | Create | Villager (Male) |
| 5:12 | Build | Settlement |
| 5:23 | Create | Villager (Male) |
| 5:23 | Create | Villager (Male) |
| 6:10 | Create | Villager (Male) |
| 6:36 | Create | Villager (Male) |
| 7:01 | Create | Villager (Male) |
| 7:30 | Create | Villager (Male) |
| 7:54 | Create | Villager (Male) |
| 8:07 | Research | Loom |
| 8:07 | Research | Feudal Age |
| 8:54 | Build | Barracks |
| 9:41 | Build | House |
| 10:08 | Create | Villager (Male) |
| 10:32 | Build | Farm |
| 10:57 | Age | Feudal Age |
| 11:02 | Build | Archery Range |
| 11:08 | Build | Blacksmith |
| 11:15 | Create | Villager (Male) |
| 11:49 | Research | Castle Age |
| 11:49 | Research | Castle Age |
| 11:50 | Research | Castle Age |
| 11:56 | Create | Archer |
| 12:10 | Build | House |
| 12:15 | Build | Farm |
| 12:15 | Build | Farm |
| 12:23 | Create | Archer |
| 12:27 | Build | Farm |
| 12:29 | Build | Farm |
| 12:40 | Build | Farm |
| 12:41 | Research | Double-Bit Axe |
| 12:41 | Research | Double-Bit Axe |
| 12:44 | Create | Archer |
| 12:51 | Build | House |
| 12:52 | Build | House |
| 13:11 | Research | Fletching |
| 13:11 | Research | Fletching |
| 13:34 | Create | Archer |
| 13:54 | Build | Farm |
| 13:56 | Create | Villager (Male) |
| 14:00 | Build | Farm |
| 14:01 | Build | Farm |
| 14:02 | Build | Farm |
| 14:29 | Age | Castle Age |
| 14:34 | Research | Crossbowman (upgrade) |
| 14:35 | Research | Crossbowman (upgrade) |
| 14:36 | Create | Villager (Male) |
| 14:49 | Create | Archer |
| 14:56 | Create | Villager (Male) |
| 14:59 | Build | Farm |
| 15:19 | Create | Archer |
| 15:27 | Create | Villager (Male) |
| 15:29 | Build | Farm |
| 15:45 | Create | Villager (Male) |
| 15:49 | Build | Archery Range |
| 16:15 | Create | Archer |
| 16:16 | Create | Archer |
| 16:18 | Create | Villager (Male) |
| 16:39 | Build | Farm |
| 16:46 | Research | Bodkin Arrow |
| 16:46 | Research | Bodkin Arrow |
| 16:49 | Build | House |
| 16:50 | Build | House |
| 16:53 | Create | Archer |
| 17:15 | Create | Archer |
| 17:16 | Create | Archer |
| 17:32 | Create | Villager (Male) |
| 17:32 | Create | Villager (Male) |
| 17:44 | Create | Archer |
| 17:44 | Create | Archer |
| 17:47 | Create | Villager (Male) |
| 17:51 | Build | Farm |
| 17:53 | Research | Horse Collar |
| 17:53 | Research | Horse Collar |
| 18:01 | Build | House |
| 18:02 | Build | House |
| 18:16 | Create | Archer |
| 18:16 | Create | Archer |
| 18:34 | Create | Archer |
| 18:34 | Create | Archer |
| 18:50 | Create | Archer |
| 18:54 | Create | Villager (Male) |
| 18:55 | Create | Villager (Male) |
| 18:57 | Research | Bow Saw |
| 18:57 | Research | Bow Saw |
| 19:23 | Create | Archer |
| 19:23 | Create | Archer |
| 19:25 | Create | Villager (Male) |
| 19:42 | Build | Farm |
| 19:58 | Research | Padded Archer Armor |
| 19:58 | Research | Padded Archer Armor |
| 20:07 | Create | Archer |
| 20:17 | Create | Archer |
| 20:17 | Create | Archer |
| 20:21 | Create | Villager (Male) |
| 20:21 | Create | Villager (Male) |
| 20:41 | Create | Archer |
| 20:41 | Create | Archer |
| 20:45 | Create | Villager (Male) |
| 20:48 | Build | University |
| 21:01 | Create | Archer |
| 21:37 | Create | Archer |
| 21:38 | Create | Archer |
| 22:05 | Create | Villager (Male) |
| 22:05 | Create | Villager (Male) |
| 22:07 | Create | Archer |
| 22:07 | Create | Archer |
| 22:27 | Create | Villager (Male) |
| 22:53 | Build | Settlement |
| 23:01 | Research | Ballistics |
| 23:02 | Research | Ballistics |
| 23:20 | Create | Villager (Male) |
| 23:21 | Create | Villager (Male) |
| 23:24 | Build | Archery Range |
| 23:46 | Create | Archer |
| 23:49 | Create | Villager (Male) |
| 23:55 | Build | House |
| 23:57 | Build | House |
| 24:02 | Research | Leather Archer Armor |
| 24:02 | Research | Leather Archer Armor |
| 24:30 | Build | House |
| 24:32 | Create | Villager (Male) |
| 24:45 | Build | Town Center |
| 24:53 | Create | Archer |
Match timeline
| 7:40 | OS | dreamerion92 · age_up feudal |
| 7:48 | [TNT] KKKFFFFFFCC · first_building Barracks |
| 8:00 | Overcome · first_building Barracks |
| 8:07 | ANKR.ice cream · first_building Barracks |
| 8:45 | [TNT] KKKFFFFFFCC · age_up feudal |
| 8:48 | [TNT] KKKFFFFFFCC · first_building Archery Range |
| 8:54 | LuckAss · first_building Barracks |
| 9:24 | 復健中 · first_building Barracks |
| 9:36 | [TNT] KKKFFFFFFCC · wall_segment Palisade Wall x1 |
| 9:50 | ANKR.ice cream · age_up feudal |
| 9:53 | ANKR.ice cream · first_building Archery Range |
| 10:55 | Overcome · age_up feudal |
| 10:56 | 復健中 · age_up feudal |
| 10:56 | Overcome · first_building Stable |
| 10:57 | LuckAss · age_up feudal |
| 10:59 | 復健中 · first_building Stable |
| 11:02 | LuckAss · first_building Archery Range |
| 11:14 | OnlyOuOb · age_up feudal |
| 11:19 | OS | dreamerion92 · wall_segment Palisade Wall x7 |
| 11:24 | OnlyOuOb · first_building Stable |
| 11:47 | BeefBro · age_up feudal |
| 13:21 | [TNT] KKKFFFFFFCC · wall_segment Palisade Wall x1 |
| 13:22 | [TNT] KKKFFFFFFCC · wall_segment Palisade Wall x1 |
| 13:54 | OnlyOuOb · age_up castle |
| 14:18 | [TNT] KKKFFFFFFCC · wall_segment Palisade Wall x1 |
| 14:25 | Overcome · age_up castle |
| 14:29 | LuckAss · age_up castle |
| 14:38 | 復健中 · age_up castle |
| 14:52 | [TNT] KKKFFFFFFCC · wall_segment Palisade Wall x3 |
| 15:12 | 復健中 · first_market_sell 100 stone |
| 15:14 | 復健中 · first_market_buy 100 food |
| 15:29 | BeefBro · age_up castle |
| 15:31 | BeefBro · first_building Castle |
| 15:42 | OS | dreamerion92 · wall_segment Stone Wall x1 |
| 15:52 | OS | dreamerion92 · wall_segment Stone Wall x2 |
| 17:43 | Overcome · first_building Monastery |
| 17:55 | ANKR.ice cream · age_up castle |
| 18:21 | ANKR.ice cream · first_building Monastery |
| 18:40 | OS | dreamerion92 · wall_segment Stone Wall x1 |
| 19:57 | OS | dreamerion92 · wall_segment Stone Wall x1 |
| 21:06 | OS | dreamerion92 · first_market_sell 500 wood |
| 22:02 | [TNT] KKKFFFFFFCC · first_market_buy 100 food |
| 22:47 | OS | dreamerion92 · first_market_buy 100 food |
| 24:34 | OS | dreamerion92 · wall_segment Stone Wall x1 |
| 24:50 | [TNT] KKKFFFFFFCC · age_up castle |
| 25:33 | BeefBro · first_market_buy 100 wood |
| 26:03 | OS | dreamerion92 · age_up castle |
| 26:07 | OS | dreamerion92 · first_building Castle |
| 26:10 | OS | dreamerion92 · wall_segment Stone Wall x2 |
| 26:14 | OS | dreamerion92 · wall_segment Stone Wall x1 |
| 26:27 | OS | dreamerion92 · first_building Monastery |
| 26:49 | LuckAss · first_market_sell 100 food |
| 27:26 | OnlyOuOb · first_building Monastery |
| 28:34 | OS | dreamerion92 · first_building Barracks |
| 29:46 | OS | dreamerion92 · first_building Stable |
| 30:17 | 復健中 · first_building Monastery |
| 32:05 | OnlyOuOb · first_market_buy 100 stone |
| 32:37 | ANKR.ice cream · wall_segment Palisade Wall x1 |
| 32:41 | [TNT] KKKFFFFFFCC · first_building Castle |
| 32:42 | ANKR.ice cream · wall_segment Palisade Wall x1 |
| 32:44 | ANKR.ice cream · wall_segment Palisade Wall x1 |
| 32:50 | [TNT] KKKFFFFFFCC · first_market_sell 100 wood |
| 33:20 | LuckAss · first_market_buy 100 stone |
| 33:21 | Overcome · first_building Castle |
| 33:57 | [TNT] KKKFFFFFFCC · wall_segment Palisade Wall x1 |
| 34:09 | [TNT] KKKFFFFFFCC · wall_segment Palisade Wall x1 |
| 34:37 | ANKR.ice cream · first_market_sell 500 wood |
| 35:17 | OnlyOuOb · first_market_sell 100 food |
| 35:44 | ANKR.ice cream · wall_segment Palisade Wall x2 |
| 36:24 | BeefBro · first_building Monastery |
| 36:34 | Overcome · age_up imperial |
| 37:00 | 復健中 · first_building Castle |
| 37:09 | 復健中 · wall_segment Stone Wall x25 |
| 37:13 | 復健中 · age_up imperial |
| 37:55 | [TNT] KKKFFFFFFCC · age_up imperial |
| 38:00 | ANKR.ice cream · age_up imperial |
| 38:10 | LuckAss · first_building Monastery |
| 38:14 | OnlyOuOb · wall_segment Stone Wall x37 |
| 38:35 | OS | dreamerion92 · wall_segment Stone Wall x10 |
| 38:46 | OnlyOuOb · wall_segment Stone Wall x13 |
| 38:59 | OnlyOuOb · wall_segment Stone Wall x10 |
| 39:56 | BeefBro · first_building Barracks |
| 40:03 | OS | dreamerion92 · wall_segment Stone Wall x12 |
| 40:05 | OS | dreamerion92 · wall_segment Stone Wall x3 |
| 40:09 | OS | dreamerion92 · wall_segment Stone Wall x13 |
| 40:19 | OnlyOuOb · wall_segment Stone Wall x1 |
| 40:20 | OnlyOuOb · wall_segment Stone Wall x1 |
| 40:34 | OS | dreamerion92 · wall_segment Stone Wall x10 |
| 40:51 | BeefBro · first_building Stable |
| 41:02 | 復健中 · wall_segment Stone Wall x20 |
| 41:37 | OS | dreamerion92 · wall_segment Stone Wall x6 |
| 41:37 | OnlyOuOb · age_up imperial |
| 41:39 | BeefBro · first_building Archery Range |
| 41:40 | OS | dreamerion92 · wall_segment Stone Wall x7 |
| 41:43 | OS | dreamerion92 · wall_segment Stone Wall x7 |
| 41:45 | OS | dreamerion92 · wall_segment Stone Wall x8 |
| 41:59 | OS | dreamerion92 · wall_segment Stone Wall x15 |
| 42:21 | LuckAss · age_up imperial |
| 42:30 | OS | dreamerion92 · wall_segment Stone Wall x4 |
| 42:32 | OS | dreamerion92 · wall_segment Stone Wall x5 |
| 42:45 | OnlyOuOb · first_building Castle |
| 43:12 | 復健中 · wall_segment Stone Wall x12 |
| 43:23 | 復健中 · wall_segment Stone Wall x27 |
| 43:37 | OS | dreamerion92 · wall_segment Stone Wall x7 |
| 43:39 | OS | dreamerion92 · wall_segment Stone Wall x7 |
| 43:42 | OS | dreamerion92 · wall_segment Stone Wall x1 |
| 43:44 | OS | dreamerion92 · wall_segment Stone Wall x7 |
| 44:21 | 復健中 · wall_segment Stone Wall x6 |
| 44:27 | BeefBro · first_building Siege Workshop |
| 44:32 | BeefBro · age_up imperial |
| 44:56 | OS | dreamerion92 · wall_segment Stone Wall x2 |
| 45:47 | Overcome · first_market_sell 100 stone |
| 46:29 | OS | dreamerion92 · wall_segment Stone Wall x12 |
| 46:31 | OS | dreamerion92 · wall_segment Stone Wall x17 |
| 46:38 | OS | dreamerion92 · wall_segment Stone Wall x3 |
| 46:41 | OnlyOuOb · first_building Archery Range |
| 47:09 | OnlyOuOb · first_building Siege Workshop |
| 47:21 | LuckAss · wall_segment Palisade Wall x1 |
| 48:02 | ANKR.ice cream · first_market_buy 100 wood |
| 49:25 | OS | dreamerion92 · wall_segment Stone Wall x1 |
| 49:45 | 復健中 · first_building Siege Workshop |
| 52:21 | Overcome · tribute_sent a jugador 1 |
| 52:21 | Overcome · tribute_sent a jugador 2 |
| 52:21 | Overcome · tribute_sent a jugador 3 |
| 52:21 | Overcome · tribute_sent a jugador 4 |
| 52:21 | Overcome · tribute_sent a jugador 5 |
| 52:21 | Overcome · tribute_sent a jugador 7 |
| 52:21 | Overcome · tribute_sent a jugador 8 |
| 52:34 | LuckAss · wall_segment Stone Wall x17 |
| 52:37 | BeefBro · first_market_sell 500 wood |
| 53:30 | OS | dreamerion92 · age_up imperial |
| 53:32 | 復健中 · tribute_sent a jugador 2 |
| 53:32 | 復健中 · tribute_sent a jugador 3 |
| 53:32 | 復健中 · tribute_sent a jugador 4 |
| 53:32 | 復健中 · tribute_sent a jugador 5 |
| 53:32 | 復健中 · tribute_sent a jugador 6 |
| 53:32 | 復健中 · tribute_sent a jugador 7 |
| 53:32 | 復健中 · tribute_sent a jugador 8 |
| 53:36 | ANKR.ice cream · first_building Castle |
| 54:30 | LuckAss · wall_segment Stone Wall x18 |
| 54:55 | [TNT] KKKFFFFFFCC · first_building Siege Workshop |
| 55:46 | ANKR.ice cream · tribute_sent a jugador 1 |
| 55:46 | ANKR.ice cream · tribute_sent a jugador 2 |
| 55:46 | ANKR.ice cream · tribute_sent a jugador 3 |
| 55:46 | ANKR.ice cream · tribute_sent a jugador 4 |
| 55:46 | ANKR.ice cream · tribute_sent a jugador 6 |
| 55:46 | ANKR.ice cream · tribute_sent a jugador 7 |
| 55:46 | ANKR.ice cream · tribute_sent a jugador 8 |
| 55:57 | LuckAss · wall_segment Stone Wall x8 |
| 56:01 | LuckAss · wall_segment Stone Wall x2 |
| 56:19 | LuckAss · first_building Castle |
| 56:31 | Overcome · tribute_sent a jugador 1 |
| 56:31 | Overcome · tribute_sent a jugador 2 |
| 56:31 | Overcome · tribute_sent a jugador 3 |
| 56:31 | Overcome · tribute_sent a jugador 4 |
| 56:31 | Overcome · tribute_sent a jugador 5 |
| 56:31 | Overcome · tribute_sent a jugador 7 |
| 56:31 | Overcome · tribute_sent a jugador 8 |
| 56:35 | OnlyOuOb · wall_segment Stone Wall x5 |
| 56:36 | OnlyOuOb · wall_segment Stone Wall x7 |
| 58:02 | OS | dreamerion92 · first_building Archery Range |
| 58:13 | BeefBro · resign |
| 58:27 | 復健中 · tribute_sent a jugador 2 |
| 58:27 | 復健中 · tribute_sent a jugador 3 |
| 58:27 | 復健中 · tribute_sent a jugador 4 |
| 58:27 | 復健中 · tribute_sent a jugador 5 |
| 58:27 | 復健中 · tribute_sent a jugador 6 |
| 58:27 | 復健中 · tribute_sent a jugador 7 |
| 58:27 | 復健中 · tribute_sent a jugador 8 |
[ AI ANALYSIS · 1 CREDIT ]
What really happened in this match?
Wolo.gg analyzes every decision: build order, eco, micro, common mistakes by bracket. Personalized analysis on WhatsApp or Discord in 30 seconds.
Civ guide
Khmer
Perfil
Jugador #885642